Map: Ruins of Endion

Players

Gracz

  • Race: Terran Terran

Kris - Winner!

  • Race: Protoss Protoss
  • League: Silver

VOD

Have the link to the VOD?

Description

Time

  • Played on: May 4, 2016, 3 p.m.
  • Length: 12:17
Show
View Real Time Build Order
Export as new Build Order

Gracz Terran 

Build Orders:  

Get SALT Encoding   

  12  0:01  SCV  
  13  0:13  SCV  
  14  0:20  Supply Depot  
  14  0:26  SCV  
  15  0:44  Refinery  
  15  0:47  Barracks  
  15  1:35  Reaper  
  16  1:42  Barracks  
  16  1:46  SCV  
  17  1:48  Refinery  
  17  1:59  SCV  
  18  2:11  SCV  
  18  3:20  Barracks Reactor  
  18  3:21  Barracks Reactor  
  18  3:22  Factory  
  18  3:27  SCV  
  19  3:29  Factory  
  19  3:39  SCV  
  20  3:52  Orbital Command  
  20  3:59  Reaper x3  
  23  4:10  Supply Depot  
  23  4:13  Supply Depot  
  23  4:31  Reaper  
  23  4:36  Supply Depot  
  23  4:38  Supply Depot  
  24  4:42  Factory Tech Lab x2  
  24  4:44  Reaper x3  
  26  5:23  Marine x4  
  30  5:28  Barracks  
  30  5:31  Siege Tank x2  
  36  5:40  Marine  
  36  5:41  Marine x3  
  40  6:01  Command Center  
  40  6:22  SCV  
  41  6:34  SCV  
  41  6:39  Starport  
  42  6:46  SCV  
  43  6:57  Siege Tank  
  46  7:03  Factory Reactor  
  46  7:11  Armory  
  46  7:17  Engineering Bay  
  46  7:22  Stimpack  
  46  7:24  Marauder  
  46  7:26  Starport  
  48  7:34  SCV  
  48  7:36  Refinery  
  49  7:38  SCV  
  50  7:45  Marauder  
  50  7:46  SCV  
  50  7:50  SCV  
  54  7:56  Starport Reactor  
  54  7:58  SCV  
  54  8:02  SCV  
  56  8:07  Marauder  
  56  8:11  Starport, SCV  
  59  8:14  SCV  
  59  8:18  Hellion  
  62  8:21  Hellion  
  62  8:23  SCV  
  65  8:28  Marauder  
  67  8:39  Starport Reactor  
  67  8:47  Starport Reactor  
  67  8:56  Orbital Command  
  67  8:59  Terran Infantry Weapons Level 1  
  67  9:10  Terran Ship Weapons Level 1  
  67  9:23  Combat Shields  
  67  9:45  Marine  
  67  9:46  Marine x4  
  67  9:49  Medivac x3  
  69  10:03  Marine  
  69  10:04  Marine x4  
  67  10:21  Marine  
  67  10:22  Marine x3  
  61  11:10  Viking x3  
  67  11:11  Raven  
  69  11:19  Supply Depot, SCV  
  69  11:22  SCV  
  71  11:31  SCV  
  72  11:34  SCV  
  73  11:43  SCV  
  74  11:54  Marine x2  
  74  11:55  SCV  
  74  12:01  SCV  
Show
View Real Time Build Order
Export as new Build Order

Kris Protoss - Winner!

Build Orders: 1 Gate Expand 

Get SALT Encoding   

  12  0:01  Probe (Chrono Boost)  
  13  0:12  Probe (Chrono Boost)  
  14  0:19  Pylon  
  14  0:22  Probe (Chrono Boost)  
  15  0:37  Probe (Chrono Boost)  
  16  0:45  Gateway  
  16  0:51  Probe (Chrono Boost)  
  17  1:10  Pylon  
  17  1:24  Nexus  
  17  1:27  Probe (Chrono Boost)  
  18  1:38  Probe (Chrono Boost)  
  19  1:42  Cybernetics Core  
  19  1:49  Zealot  
  21  1:56  Assimilator  
  21  2:00  Probe (Chrono Boost)  
  22  2:02  Assimilator  
  22  2:08  Pylon  
  22  2:26  Probe (Chrono Boost)  
  24  2:37  Probe (Chrono Boost)  
  24  2:41  Stalker (Chrono Boost)  
  26  2:48  Probe  
  27  2:58  Gateway x2  
  27  3:10  Twilight Council  
  27  3:15  Mothership Core, Probe  
  30  3:24  Warp Gate (Chrono Boost)  
  30  3:26  Probe  
  30  3:29  Stalker  
  33  3:36  Probe  
  34  3:47  Probe  
  34  3:51  Pylon  
  34  3:53  Pylon  
  34  3:54  Stalker  
  37  4:09  Stalker  
  39  4:11  Stalker  
  41  4:17  Probe  
  41  4:19  Probe  
  43  4:27  Pylon  
  43  4:29  Assimilator, Probe x2  
  45  4:40  Stalker, Probe  
  45  4:42  Probe  
  45  4:44  Blink  
  49  4:50  Pylon  
  49  5:35  Forge  
  49  5:48  Stalker x3  
  55  5:59  Pylon  
  55  6:00  Nexus  
  55  6:02  Pylon  
  55  6:17  Protoss Ground Weapons Level 1 (Chrono Boost)  
  55  6:21  Dark Shrine  
  55  6:24  Adept x3  
  61  6:48  Gateway x2  
  61  6:56  Robotics Facility  
  61  6:58  Zealot  
  61  6:59  Zealot x2  
  67  7:13  Pylon  
  67  7:20  Pylon  
  67  7:22  Pylon  
  67  7:24  Pylon  
  67  7:26  Robotics Facility  
  67  7:32  Adept x3  
  73  7:40  Probe  
  74  7:47  Assimilator, Probe  
  74  7:50  Probe  
  75  7:57  Probe  
  76  7:58  Assimilator  
  76  8:01  Probe x2  
  80  8:06  Observer  
  80  8:08  Probe  
  81  8:13  Probe, Immortal  
  86  8:24  Protoss Ground Weapons Level 2 (Chrono Boost)  
  86  8:25  Probe  
  87  8:30  Photon Cannon  
  87  8:31  Photon Cannon  
  87  8:38  Observer  
  88  8:42  Dark Templar  
  88  8:45  Dark Templar  
  92  8:52  Immortal  
  96  9:21  Probe  
  97  9:31  Probe  
  97  9:33  Dark Templar x3  
  103  9:42  Probe  
  104  10:20  Stalker x5  
  114  10:24  Immortal  
  114  10:27  Immortal  
  118  10:45  Probe  
  118  10:49  Dark Templar  
  121  10:56  Probe, Zealot x4  
  130  11:18  Probe  
  130  11:21  Probe  
  132  11:29  Probe  
  132  11:32  Probe  
  133  11:35  Assimilator  
  133  11:37  Immortal  
  133  11:39  Pylon, Probe  
  138  11:42  Probe  
  140  11:48  Pylon  
  140  11:50  Probe  
  140  11:51  Pylon  
  140  11:54  Pylon  
  141  11:55  Probe  
  141  11:57  Zealot  
Tags
 
Add a new tag
Caveats
  • Supply blocks, unpowered buildings, or Contaminate may cause inaccurate times.
  • Supply counts are checked every 10 seconds.